 Dungeon Sprint DCSS version 0.19.0-11-g3fc08b3 (webtiles) character file.

58 Groucho the Sneak (level 3, -5/16 HPs)
             Began as a Spriggan Enchanter on Nov 8, 2016.
             Splashed by an oklob sapling priest's acid (12 damage)
             ... in the Dungeon (Sprint IV: "Fedhas' Mad Dash").
             The game lasted 00:01:22 (292 turns).

Groucho the Sneak (Spriggan Enchanter)               Turns: 292, Time: 00:01:23

Health: -5/16      AC: -1    Str:  5    XL:     3   Next: 75%
Magic:  9/10       EV: 21    Int: 16    God:
Gold:   43         SH:  0    Dex: 16    Spells: 1 memorised, 10 levels left

rFire  . . .     SeeInvis +     a - +1 dagger
rCold  . . .     Gourm    .     b - +1 robe
rNeg   . . .     Faith    .     (shield restricted)
rPois  .         Spirit   .     (helmet restricted)
rElec  .         Reflect  .     (no cloak)
rCorr  .         Harm     .     (gloves unavailable)
MR     .....     NoTele   +     (boots unavailable)
Stlth  +++.......               k - amulet of invisibility {+Inv}
                                (no ring)
                                (no ring)

@: corroded, very slightly contaminated, invisible (expiring), very quick
A: unfitting armour, see invisible, herbivore 3, speed 3, slow metabolism 2
a: Turn Visible


You were in the Dungeon.
You were not hungry.

You visited 1 branch You collected 43 gold pieces.

Inventory:

Hand Weapons
 a - a +1 dagger (weapon)
Missiles
 l - 12 stones (quivered)
Armour
 b - a +1 robe (worn)
Jewellery
 k - the amulet of invisibility (around neck) {+Inv}
   (You found it in the Dungeon)

   [amulet of nothing]

   It lets you turn invisible.
Scrolls
 j - a scroll of blinking
Potions
 e - a potion of curing
 f - a potion of heal wounds
 g - 2 potions of haste
 h - 2 potions of magic
 i - a potion of berserk rage
Books
 c - a book of Maledictions

   Spells                             Type                      Level
   a - Corona                         Hexes                        1
   b - Ensorcelled Hibernation        Hexes/Ice                    2
   c - Confuse                        Hexes                        3
   d - Tukima's Dance                 Hexes                        3
   e - Dazzling Spray                 Conjuration/Hexes            3
Comestibles
 d - a bread ration


   Skills:
 - Level 3.7 Short Blades
 - Level 5.5 Dodging
 + Level 6.7 Stealth
 - Level 4.8 Spellcasting
 + Level 5.2 Hexes
 * Level 0.0 Evocations


You had 10 spell levels left.
You knew the following spells:

 Your Spells              Type           Power        Failure   Level  Hunger
a - Corona                Hex            ###....      1%          1    None


Dungeon Overview and Level Annotations

Branches:
Dungeon (1/1)

Altars:
Cheibriados
Dithmenos
Elyvilon
Gozag
Hepliaklqana
Kikubaaqudgha
Makhleb
Nemelex Xobeh
Okawaru
Qazlal
Ru
Sif Muna
Trog
Uskayaw
Vehumet
Xom
Yredelemnul
Zin
The Shining One
Beogh
Jiyva
Lugonu

Annotations:
D exclusion: oklob sapling


Innate Abilities, Weirdness & Mutations

You are very small and have problems with some larger weapons.
You are too small for most types of armour.
You have supernaturally acute eyesight. (SInv)
You are a herbivore.
You cover ground extremely quickly.
You need consume almost no food.


Message History

Unknown command.
Found three altars.
Found two altars.
Found three altars.
There is an opulent altar of Gozag here.
Found a corrupted altar of Lugonu and a radiant altar of Vehumet.
There is a hazy altar of Hepliaklqana here.
There is a viscous altar of Jiyva here.
You hit the oklob sapling priest but do no damage.
You hit the oklob sapling priest but do no damage.
You flicker for a moment.
You catch the helpless oklob sapling priest completely off-guard!
You puncture the oklob sapling priest!
The oklob sapling priest is severely damaged.
The oklob sapling priest spits acid at you.
The splash of acid hits you!
Ouch! That really hurt!
The acid corrodes you!
You are splashed with acid!
The acid burns!
Ouch! That really hurt!
You die...

########################
...#.....#.⌠._._._._.⌠.#
...'.#.[.'.._._.@._._..+
...#.#†..#..._._P_._...#
#######+##.._._._._._..#
#.⌠._._._._.⌠.#
###############


You could see an oklob sapling priest.

Vanquished Creatures
  An oklob sapling (D)
  A worker ant (D)
  A river rat (D)
  A rat (D)
4 creatures vanquished.

Notes
Turn   | Place    | Note
-------+----------+-------------------------------------------
     0 | D        | Groucho the Spriggan Enchanter began the quest for the Orb.
     0 | D        | Reached XP level 1. HP: 9/9 MP: 5/5
     9 | D        | Reached skill level 5 in Stealth
     9 | D        | Reached XP level 2. HP: 13/13 MP: 5/7
   133 | D        | Noticed an oklob sapling
   134 | D        | Killed an oklob sapling
   134 | D        | Reached skill level 5 in Dodging
   134 | D        | Reached skill level 6 in Stealth
   134 | D        | Reached XP level 3. HP: 16/16 MP: 7/9
   256 | D        | Reached skill level 5 in Hexes
   281 | D        | Found an opulent altar of Gozag.
   281 | D        | Found a hazy altar of Hepliaklqana.
   281 | D        | Found a roughly hewn altar of Beogh.
   281 | D        | Found a snail-covered altar of Cheibriados.
   282 | D        | Found a viscous altar of Jiyva.
   282 | D        | Found a burning altar of Makhleb.
   282 | D        | Found a sparkling altar of Nemelex Xobeh.
   282 | D        | Found a sacrificial altar of Ru.
   282 | D        | Found a deep blue altar of Sif Muna.
   282 | D        | Found a bloodstained altar of Trog.
   282 | D        | Found a shimmering altar of Xom.
   282 | D        | Found a basalt altar of Yredelemnul.
   282 | D        | Noticed an oklob sapling priest
   283 | D        | Found an iron altar of Okawaru.
   283 | D        | Found a shadowy altar of Dithmenos.
   283 | D        | Found a glowing silver altar of Zin.
   284 | D        | Found an ancient bone altar of Kikubaaqudgha.
   284 | D        | Found a hide-covered altar of Uskayaw.
   285 | D        | Found a stormy altar of Qazlal.
   285 | D        | Found a white marble altar of Elyvilon.
   285 | D        | Found a glowing golden altar of the Shining One.
   286 | D        | Found a corrupted altar of Lugonu.
   286 | D        | Found a radiant altar of Vehumet.
   292 | D        | Splashed by an oklob sapling priest's acid

Skill      XL: |  1  2  3 |
---------------+----------+-----
Short Blades   | 2 3 |  3.7
Stealth        | 5 6 |  6.7
Spellcasting   | 3 4 |  4.8
Hexes          | 4 5 |  5.2
Dodging        | 5 |  5.5

Action                   || total
-------------------------++-------
Melee: Dagger            ||     7
 Abil: Evoke Invisibilit ||     1
 Stab: Sleeping          ||     4
       Invisible         ||     1
